 Dungeon Crawl Stone Soup version 0.28.0-47-ge53b351184 (webtiles) character file.

Game seed: 81289470574829658

199 CryoSword the Ruffian (level 5, -4/53 HPs)
             Began as a Troll Cinder Acolyte on May 3, 2022.
             Was a High Priest of Ignis.
             Killed from afar by an orc wizard (7 damage)
             ... with a magic dart
             ... on level 4 of the Dungeon.
             The game lasted 00:02:50 (1644 turns).

CryoSword the Ruffian (Troll Cinder Acolyte)        Turns: 1644, Time: 00:02:50

Health: -4/53      AC:  4    Str: 22    XL:     5   Next: 48%
Magic:  5/5        EV: 22    Int: 12    God:    Ignis [*****.]
Gold:   146        SH:  5    Dex:  5    Spells: 6/6 levels left

rFire   + . .      SeeInvis .     - Unarmed
rCold   . . .      Faith    .   h - +0 kite shield
rNeg    . . .      Spirit   .   a - +0 robe
rPois   .          Reflect  .   (helmet restricted)
rElec   .          Harm     .   f - scarf {shadows}
rCorr   .          Rampage  .   (gloves unavailable)
Will    .....                   (boots unavailable)
Stlth   +.........              g - amulet of the acrobat
HPRegen 0.97/turn               (no ring)
MPRegen 0.09/turn               (no ring)

@: acrobatic
A: large, unfitting armour, claws 3, regeneration 1, shaggy fur 1, tough skin 1
a: Renounce Religion, Fiery Armour, Foxfire Swarm, Rising Flame


You were on level 4 of the Dungeon.
You worshipped Ignis.
Ignis was extremely pleased with you.
You visited 1 branch of the dungeon, and saw 4 of its levels.

You collected 146 gold pieces.

Inventory:

Armour
 a - a +0 robe (worn)
 f - a scarf of shadows (worn)
   (You found it on level 1 of the Dungeon)
 h - a +0 kite shield (worn)
   (You found it on level 2 of the Dungeon)
Jewellery
 g - an amulet of the acrobat (around neck)
   (You found it on level 1 of the Dungeon)
Scrolls
 c - a scroll of amnesia {unknown}
 e - a scroll of identify {@r1}
 i - 2 scrolls of enchant armour
 k - a scroll of fog {unknown}
 n - a scroll of acquirement {unknown}
Potions
 b - a potion of ambrosia {unknown}
 d - a potion of resistance
 j - a potion of mutation {unknown}
 l - a potion of degeneration {unknown}
 m - a potion of flight {unknown}
 o - a potion of curing {@q1}
 p - a potion of brilliance {unknown}
 q - a potion of magic {unknown}


   Skills:
 + Level 3.3 Fighting
 + Level 1.5 Shields
 * Level 5.1 Unarmed Combat
 - Level 1.0 Spellcasting
 - Level 2.1 Fire Magic


You had 6 spell levels left.
You didn't know any spells.
Your spell library contained the following spells:

 Spells                   Type           Power      Damage    Failure   Level
 Scorch                   Fire           10%        2d6       43%         2


Dungeon Overview and Level Annotations

Branches:
Dungeon (4/15)
 Temple: D:4-7

Altars:


Innate Abilities, Weirdness & Mutations

You are too large for most types of armour.
You have claws for hands.
Your natural rate of healing is unusually fast.
You are covered in fur. (AC +1)
You have tough skin. (AC +1)


Message History

There are monsters nearby!
An orc priest comes into view. It is wielding a +0 mace.
The orc priest shouts!
An orc priest comes into view. It is wielding a +0 hand axe.
You scratch the orc.
The orc hits you with a +2 flail of protection!
The orc priest looks satisfied for a moment.
The orc hits you with a +0 mace.
You scratch the orc wizard. The orc barely misses you.
The orc priest calls down the wrath of Beogh upon you.
Beogh smites you!
* * * LOW HITPOINT WARNING * * *
The orc priest invokes the aid of Beogh against you.
Beogh smites you!
* * * LOW HITPOINT WARNING * * *
You are too injured to fight recklessly!
The orc wizard gestures wildly while chanting.
The orc wizard flickers and vanishes!
Deactivating autopickup; reactivate with Ctrl-A.
You see here a +0 pair of boots.
The orc priest mumbles some strange prayers to Beogh against you.
Beogh smites you!
* * * LOW HITPOINT WARNING * * *
There is a stone staircase leading up here.
The orc hits you with a +0 mace.
* * * LOW HITPOINT WARNING * * *
You climb upwards.
Reactivating autopickup.
There is a stone staircase leading down here.
You barely miss the orc. You block the orc's attack.
You scratch the orc. The orc hits you but does no damage.
You scratch the orc.
You kill the orc!
Things that are here:
a +0 mace; an orc corpse A kobold comes into view.
It is wielding a +0 short sword.
You can't go down here!
Unknown command.
The kobold throws a stone.
The stone misses you.
You are too injured to fight recklessly!
You are too injured to fight recklessly!
The kobold barely misses you.
Items here: ( )) ÷÷.
You claw the kobold!
You kill the kobold!
n - a scroll labelled QUS LOTEOSS
Items here: ( )) †.
There is a stone staircase leading down here.
You climb downwards.
Found a bubbling blue potion, a purple potion, a rapier and 29 gold pieces.
Found a stone staircase leading down.
There is a stone staircase leading up here.
You barely miss the adder. The adder bites you. x2
You barely miss the adder. The adder barely misses you.
You barely miss the adder. The adder closely misses you.
You block the adder's attack.
You closely miss the adder. The adder bites you but does no damage.
You scratch the adder but do no damage. The adder bites you.
You claw the adder!
You kill the adder!
Your Shields skill increases to level 1!
Found a ring mail.
o - a bubbling blue potion
p - a purple potion You see here a +0 rapier.
You now have 111 gold pieces (gained 14).
You now have 126 gold pieces (gained 15).
Found a leather armour and a bubbling blue potion.
An orc comes into view.
It is wielding a +1 hand axe of freezing.
Found a twisted runed staff.
The orc shouts!
An orc is nearby!
An orc is nearby!
You barely miss the orc. The orc barely misses you.
You claw the orc!
You kill the orc!
No target in view!
You see here a +1 hand axe of freezing.
You see here a staff of fire.
You see here a +1 hand axe of freezing.
o - 2 bubbling blue potions (gained 1)
Found a stone staircase leading up.
There is a stone staircase leading up here.
You now have 141 gold pieces (gained 15).
Found a stone staircase leading down.
Found 11 stones.
No target in view!
No target in view!
No target in view!
Found a scale mail.
q - a fizzy coppery potion A scorpion comes into view.
You see here 5 gold pieces.
A scorpion is nearby!
A scorpion is nearby!
You now have 146 gold pieces (gained 5).
You claw the scorpion! The scorpion stings you.
You claw the scorpion!
You kill the scorpion!
You have reached level 5!
An orc priest is nearby!
An orc priest is nearby!
An orc priest is nearby!
The orc priest shouts!
The orc wizard shouts!
The orc priest shouts!
The orc wizard gestures wildly while chanting.
The orc wizard flickers and vanishes!
Deactivating autopickup; reactivate with Ctrl-A.
The orc priest completely misses you.
Unknown command.
You claw the orc priest!
You kill the orc priest!
Your Unarmed Combat skill increases to level 5!
The orc priest calls down the wrath of Beogh upon you.
Beogh smites you!
You closely miss something. Something hits you but does no damage.
You closely miss something.
The orc priest mumbles some strange prayers to Beogh against you.
Beogh smites you! Something hits you.
* * * LOW HITPOINT WARNING * * *
You barely miss something.
You hear some strange, mumbled words.
You are confused.
You're too confused to move!
The orc priest invokes the aid of Beogh against you.
Beogh smites you!
* * * LOW HITPOINT WARNING * * *
Unknown command.
Unknown command.
It was a potion of curing.
You feel better. Something hits you.
* * * LOW HITPOINT WARNING * * *
The orc hits you with a +2 flail of protection.
* * * LOW HITPOINT WARNING * * *
You barely miss the orc. You block something's attack.
The orc hits you with a +2 flail of protection.
* * * LOW HITPOINT WARNING * * *
You miss something.
The orc priest invokes the aid of Beogh against you.
Beogh smites you!
* * * LOW HITPOINT WARNING * * *
Something hits you.
* * * LOW HITPOINT WARNING * * *
You block the orc's attack.
Okay, then.
The orc priest invokes the aid of Beogh against you.
Pain shoots through your body!
* * * LOW HITPOINT WARNING * * *
A magic dart appears from out of thin air!
The magic dart hits you!
You die...

#.# ##.........)..[......#
#.#
#####...#..........o######
#.# ##.......##........o.....
##........###..........o.<
####........o.##............†
............>.##.......[.....
.###........o{##.......######
###(.........##.......#
...........@.##..)...>#
####[.......###.......#
#.......... #########
#..........# #..........#
#..........# #..........#
##..^.....#


You could see an orc priest and an orc.

Vanquished Creatures
  A scorpion (D:4)
  An orc priest (D:4)
  An iguana (D:4)
  An adder (D:4)
  An adder zombie (D:2)
  2 adder skeletons (D:2)
  A dart slug (D:3)
  2 orcs
  6 bats
  2 bat skeletons (D:2)
  3 endoplasms
  A giant cockroach (D:2)
  3 goblins
  6 hobgoblins
  7 kobolds
  2 quokkas
  4 ball pythons
  3 ball python skeletons (D:2)
  A ball python zombie (D:2)
  4 frilled lizards
  A giant cockroach zombie (D:2)
  A quokka skeleton (D:2)
  10 rats
64 creatures vanquished.

Vanquished Creatures (others)
  A withered plant (D:2)
1 creature vanquished.

Grand Total: 65 creatures vanquished

Notes
Turn   | Place    | Note
-------+----------+-------------------------------------------
     0 | D:1      | CryoSword the Troll Cinder Acolyte began the quest for the
                  | Orb.
     0 | D:1      | Reached XP level 1. HP: 22/22 MP: 1/1
    14 | D:1      | Found a faded altar of an unknown god.
   121 | D:1      | Reached XP level 2. HP: 29/29 MP: 2/2
   645 | D:2      | Reached XP level 3. HP: 33/36 MP: 3/3
   665 | D:2      | Reached skill level 4 in Unarmed Combat
  1300 | D:3      | Reached XP level 4. HP: 45/45 MP: 4/4
  1468 | D:4      | HP: 1/45 [orc priest/divine providence (12)]
  1520 | D:4      | Reached skill level 1 in Shields
  1604 | D:4      | Noticed a scorpion
  1617 | D:4      | Killed a scorpion
  1618 | D:4      | Reached XP level 5. HP: 49/53 MP: 5/5
  1630 | D:4      | Reached skill level 5 in Unarmed Combat
  1642 | D:4      | HP: 1/53 [orc priest/nerve-wracking pain (8)]
  1644 | D:4      | Killed from afar by an orc wizard

Illustrated notes

Levels and vault maps discovered:
D:1:      dpeg_arrival_yet_another_circle, layout_rooms,
          chequers_ecumenical_altar_simple
D:2:      layout_loops_ring, serial_undead, serial_undead_a, serial_undead_e,
          serial_undead_a, serial_undead_f
D:3:      layout_rooms, chequers_serial_rivers_micro_a
D:4:      layout_rooms

Skill      XL: |  1  2  3  4  5 |
---------------+----------------+-----
Unarmed Combat | 4 5 |  5.1
Fighting       | 3 |  3.3
Shields        | 1 |  1.5
Spellcasting   | |  1.0
Fire Magic     | |  2.1

Action                   |  1- 3 |  4- 6 || total
-------------------------+-------+-------++-------
Melee: Unarmed           |   142 |    27 ||   169
  Use: Scroll            |       |     2 ||     2
       Potion            |       |     1 ||     1
Armor: Robe              |    53 |     4 ||    57
Dodge: Dodged            |    77 |     8 ||    85
Block: Kite shield       |    10 |     5 ||    15
